 Dungeon Crawl Stone Soup version 0.30-a0-6-g7c9e10e132 (webtiles) character file.

Game seed: 4256694093287146226

84 Spectrina the Magician (level 4, -2/32 HPs)
             Began as a Djinni Venom Mage on Aug 22, 2022.
             Slain by an adder (4 damage)
             ... in a sewer.
             The game lasted 00:06:44 (789 turns).

Spectrina the Magician (Djinni Venom Mage)           Turns: 789, Time: 00:06:45

Health: -2/32      AC:  2    Str:  7    XL:     4   Next: 72%
Gold:   27         EV: 12    Int: 19    God:
                   SH:  0    Dex: 13

rFire   + + .      SeeInvis .    (no weapon)
rCold   x . .      Faith    .    (no shield)
rNeg    . . .      Spirit   .    a - +0 robe
rPois   ∞          Reflect  .    (no helmet)
rElec   .          Harm     .    (no cloak)
rCorr   .          Rampage  .    (no gloves)
Will    .....                    (boots unavailable)
Stlth   ++........               (no amulet)
HPRegen 0.10/turn                (no ring)
MPRegen 0.00/turn                (no ring)

@: flying
A: sickness immunity, fire resistance 2, cold vulnerability 1, float, innate
caster, HP casting, extra vitality 1
a: no special abilities


You were in a sewer.
You visited 1 branch of the dungeon, and saw 3 of its levels.
You also visited: Sewer.

You collected 27 gold pieces.

Inventory:

Armour
 a - a +0 robe (worn)
Scrolls
 c - a scroll of poison {unknown}
Potions
 b - a potion of berserk rage
 f - a potion of curing
 g - a potion of heal wounds {unknown}
 i - a potion of haste {unknown}


   Skills:
 + Level 1.3 Fighting
 + Level 2.7 Dodging
 + Level 2.1 Stealth
 * Level 3.1 Spellcasting
 + Level 1.1 Invocations


You couldn't memorise any spells.
You knew the following spells:

 Your Spells              Type           Power      Damage    Failure   Level
a - Sting                 Tmut/Pois      56%        1d5       4%          1
l - Mephitic Cloud        Conj/Pois/Air  14%        N/A       13%         3
q - Poisonous Vapours     Pois/Air       28%        N/A       6%          2
w - Olgreb's Toxic Radia  Pois           14%        N/A       38%         4
x - Apportation           Tloc           28%        N/A       4%          1
Your spell library was empty.

Dungeon Overview and Level Annotations

Branches:
Dungeon (3/15)              Sewer (1/1)

Altars:


Innate Abilities, Weirdness & Mutations

You are immune to sickness and miasma.
You are immune to poison.
Your flesh is very heat resistant. (rF++)
You are vulnerable to cold. (rC-)
You float through the air rather than walking.
You learn spells naturally, not from books.
Your magical power is your life essence.
You have superior vitality. (+4 MHP)


Message History

As you read the scroll labelled OPNAXU RYHI, it crumbles to dust.
You feel strangely unstable.
It was a scroll of teleportation.
As you read the scroll labelled IDEPNO LEH PUHI, it crumbles to dust.
It is a scroll of identify.
b - a potion of berserk rage
Okay, then.
Your surroundings suddenly seem different.
Unknown command.
You see here an adder corpse.
You see here a river rat corpse.
Casting: Sting (safe; 4% risk of failure)
Confirm with . or Enter, or press ? or * to list all spells.
Aiming: Poisonous Vapours (safe; 6% risk of failure)
Press: ? - help, Dir - move target, f - adder
Aim: an adder (asleep) Poisonous vapours surround the adder!
The adder is poisoned.
The adder hisses angrily.
* * * LOW HITPOINT WARNING * * *
You hear an angry hiss.
Casting: Poisonous Vapours (safe; 6% risk of failure)
Confirm with . or Enter, or press ? or * to list all spells.
Aiming: Poisonous Vapours (safe; 6% risk of failure)
Press: ? - help, Dir - move target, f/p - adder
Aim: an adder (poisoned) Poisonous vapours surround the adder!
The adder looks even sicker.
* * * LOW HITPOINT WARNING * * *
Unknown command.
Casting: Poisonous Vapours (safe; 6% risk of failure)
Confirm with . or Enter, or press ? or * to list all spells.
Aiming: Sting (safe; 4% risk of failure)
Press: ? - help, Shift-Dir - straight line, f/p - adder
Aim: an adder (moderately wounded, very poisoned, 53% to hit)
The sting hits the adder.
The adder looks even sicker.
The adder is severely wounded.
* * * LOW HITPOINT WARNING * * *
The adder bites you.
* * * LOW HITPOINT WARNING * * *
The adder attacks as you move away! The adder bites you.
You die...

*,,*,*##*## *~* **,*,**
,*****#.#.# *~* *,,*,**
*,,,,*,#†## *,* *,***,*
*****,#.#.## *~* **,***,
*,*####.## *~* **,,*,
###########~##############*******
.~.~..~..~~..~.~~~.~~~.~..,,~,~~~
..~..~~.~..~~~~~~S~~~.~...,,~~,~,
################@#########*******
****,* #†# *,***, ,**,** #~#
**,*,* ,*,** #~# ****,,* *,*,*
#~# **,**,** ,**** #†# *,**,*,*
,,**** #~# *,*,***, **,,,** #~#
**,** ** *,***,* #~# *,*,*


You could see an adder (very poisoned).

Vanquished Creatures
  6 adders
  A river rat (Sewer)
  2 dart slugs
  5 ball pythons
  An endoplasm (D:1)
  A giant cockroach (D:2)
  A quokka (D:1)
  A bat (D:1)
  A frilled lizard (Sewer)
  6 rats
25 creatures vanquished.

Notes
Turn   | Place    | Note
-------+----------+-------------------------------------------
     0 | D:1      | Spectrina the Djinni Venom Mage began the quest for the
                  | Orb.
     0 | D:1      | Spectrina set off with the following spells memorised:
                  | Sting, Poisonous Vapours, Mephitic Cloud, Olgreb's Toxic
                  | Radiance.
     0 | D:1      | Reached XP level 1. HP: 15/15 MP: 0/0
   142 | D:2      | Found a faded altar of an unknown god.
   151 | D:2      | Reached XP level 2. HP: 6/22 MP: 0/0
   155 | D:2      | Reached XP level 3. HP: 8/26 MP: 0/0
   155 | D:2      | Learned a level 1 spell: Apportation
   543 | D:3      | Reached skill level 1 in Fighting
   561 | D:3      | Found a glowing drain.
   574 | Sewer    | Entered a sewer
   602 | Sewer    | Reached skill level 1 in Invocations
   602 | Sewer    | Reached XP level 4. HP: 8/32 MP: 0/0
   661 | Sewer    | Reached skill level 3 in Spellcasting
   789 | Sewer    | Slain by an adder

Illustrated notes

Levels and vault maps discovered:
D:1:      dpeg_cavernosity, layout_basic
D:2:      layout_rooms, nicolae_ecumenical_oubliette, corexii_shack,
          patterned_corridor
D:3:      minmay_skewed_foursquare, layout_basic, mainiacjoe_overflow_paths,
          portal_sewer_entry_e, kennysheep_nondescript
Sewer:    sewer_co_cracked_pipes

Skill      XL: |  1  2  3  4 |
---------------+-------------+-----
Stealth        | 2 |  2.1
Fighting       | 1 |  1.3
Invocations    | 1 |  1.1
Spellcasting   | 3 |  3.1
Dodging        | |  2.7

Action                   |  1- 3 |  4- 6 || total
-------------------------+-------+-------++-------
Melee: Unarmed           |     6 |       ||     6
 Cast: Sting             |    34 |    10 ||    44
       Poisonous Vapours |     2 |     6 ||     8
  Use: Scroll            |       |     4 ||     4
       Potion            |       |     1 ||     1
Armor: Robe              |     7 |     1 ||     8
Dodge: Dodged            |    23 |     9 ||    32

Table legend: (Time is in decaauts)
 A = Elapsed time spent in this place.
 B = Non-inter-level travel time spent in this place.
 C = Inter-level travel time spent in this place.
 D = Time resting spent in this place.
 E = Time spent auto-exploring this place.
 F = Levels seen in this place.
 G = Mean time per level.
                   A        B        C        D        E       F      G
               +--------+--------+--------+--------+--------+-----+--------+
         Total |    788 |    788 |      0 |      0 |      0 |   4 |  197.0 |
       Dungeon |    574 |    574 |      0 |      0 |      0 |   3 |  191.3 |
         Sewer |    214 |    214 |      0 |      0 |      0 |   1 |  214.0 |
               +--------+--------+--------+--------+--------+-----+--------+

Top non-repeatable levels by time:
     D:3: 305 daAuts
   Sewer: 214 daAuts
     D:1: 142 daAuts
     D:2: 126 daAuts
